 Dungeon Crawl Stone Soup version 0.31.0-2-g5a2aebc5c2 (webtiles) character file.

Game seed: 12167941689702295551

15856 Strat the Fighter (level 12, -5/123 HPs)
             Began as an Oni Hexslinger on Jan 20, 2024.
             Was an Elder of Hepliaklqana.
             Slain by a tengu warrior
             ... wielding a +0 battleaxe
              (7 damage)
             ... on level 11 of the Dungeon.
             The game lasted 00:31:32 (12833 turns).

Strat the Fighter (Oni Hexslinger)                 Turns: 12833, Time: 00:31:33

Health: -5/123     AC: -1    Str: 17    XL:     12   Next: 31%
Magic:  21/24      EV: 10    Int: 16    God:    Hepliaklqana [****..]
Gold:   728        SH:  0    Dex: 17    Spells: 18/27 levels left

rFire   + . .        b - +5 dire flail (protect)
rCold   . . .        (shield currently unavailable)
rNeg    . . .        l - +2 robe {rF+}
rPois   .            (helmet restricted)
rElec   .            i - +1 cloak
rCorr   .            (gloves unavailable)
SInv    .            (boots unavailable)
Will    +....        (no amulet)
Stlth   ++           o - +6 ring of dexterity
HPRegen 0.40/turn    (no ring)
MPRegen 0.19/turn

%: no passive effects
@: about to teleport, corroded
A: reduced essence, large, unfitting armour, horns 1, tough skin 1, double
potion healing, drunken brawling
a: Renounce Religion, Recall Ancestor, Ancestor Identity, Transference, Idealise


You were on level 11 of the Dungeon.
You worshipped Hepliaklqana.
Hepliaklqana was greatly pleased with you.
You visited 1 branch of the dungeon, and saw 11 of its levels.

You collected 728 gold pieces.

Inventory:

Hand Weapons
 a - a +1 sling
 b - a +5 dire flail of protection (weapon)
 n - a +1 flail
 y - a +0 morningstar of venom
Missiles
 z - 2 javelins (quivered)
Armour
 i - a +1 cloak (worn)
 l - a +2 robe of fire resistance (worn)
Jewellery
 o - a +6 ring of dexterity (left hand)
Wands
 k - a wand of charming (14)
 A - a wand of flame (9)
Scrolls
 d - a scroll of amnesia
 e - 4 scrolls of revelation
 h - 2 scrolls of poison
 j - a scroll of vulnerability
 w - a scroll of brand weapon
 B - 2 scrolls of identify
 C - a scroll of fear {unknown}
 D - a scroll of noise {unknown}
 E - 2 scrolls of enchant weapon
 F - a scroll of fog {unknown}
Potions
 c - 2 potions of ambrosia
 f - 3 potions of might
 g - 4 potions of mutation
 m - 4 potions of attraction
 q - a potion of magic
 r - 5 potions of heal wounds {unknown}
 s - a potion of experience {unknown}
 t - a potion of brilliance {unknown}
 u - a potion of invisibility {unknown}
 v - a potion of enlightenment {unknown}
 x - a potion of resistance {unknown}


   Skills:
 + Level 13.9 Fighting
 * Level 13.7 Maces & Flails
 - Level 1.3 Ranged Weapons
 - Level 1.7 Dodging
 + Level 8.0 Spellcasting
 - Level 3.0 Hexes
 - Level 0.8 Fire Magic
 - Level 5.0 Ice Magic


You had 18 spell levels left.
You knew the following spells:

 Your Spells              Type           Power      Damage    Failure   Level
a - Jinxbite              Hex            32%        N/A       4%          2
b - Apportation           Tloc           12%        N/A       11%         1
c - Frozen Ramparts       Ice            44%        1d7       4%          3
d - Ozocubu's Armour      Ice            22%        N/A       4%          3

Your spell library contained the following spells:

 Spells                   Type           Power      Damage    Failure   Level
 Freeze                   Ice            88%        1d9       1%          1
 Sigil of Binding         Hex            16%        N/A       10%         3
 Summon Small Mammal      Summ           24%        N/A       11%         1
 Hailstorm                Conj/Ice       14%        3d6       12%         3
 Inner Flame              Hex/Fire       12%        N/A       16%         3
 Cigotuvi's Dreadful Rot  Necr/Alch/Air  12%        N/A       17%         2
 Dazzling Flash           Conj/Hex       22%        N/A       19%         3
 Volatile Blastmotes      Fire/Tloc      14%        2d11      28%         3
 Call Canine Familiar     Summ           6%         N/A       32%         3
 Fugue of the Fallen      Necr           6%         N/A       32%         3
 Mephitic Cloud           Conj/Alch/Air  6%         N/A       32%         3
 Cause Fear               Hex            8%         N/A       32%         4
 Dimensional Bullseye     Hex/Tloc       5%         N/A       52%         4
 Ignite Poison            Fire/Alch      7%         N/A       67%         4
 Summon Blazeheart Golem  Fire/Summ      7%         N/A       67%         4
 Fulminant Prism          Conj/Alch      3%         3d5       73%         4
 Iskenderun's Mystic Bla  Conj/Tloc      6%         2d4       73%         4
 Manifold Assault         Tloc           6%         N/A       73%         4
 Freezing Cloud           Conj/Ice/Air   5%         6-21      83%         5
 Silence                  Hex/Air        5%         N/A       86%         5
 Alistair's Intoxication  Alch           4%         N/A       97%         5
 Curse of Agony           Necr           6%         N/A       97%         5
 Starburst                Conj/Fire      3%         6d3       100%        6
 Maxwell's Capacitive Co  Air            3%         ∞         100%        8


Dungeon Overview and Level Annotations

Branches:
Dungeon (11/15)            Temple (0/1) D:6            Lair (0/5) D:11
    Orc: D:9-12

Altars:
Hepliaklqana
Kikubaaqudgha
Makhleb
Nemelex Xobeh
Ru
Yredelemnul
Zin
The Shining One

Shops:
D:2 ==:[   D:4 ([   D:10 =

Annotations:
D:3 Sigmund
D:4 1 runed translucent door, TheBioAlchemist's ghost, amateur OpSh


Innate Abilities, Weirdness & Mutations

Your life essence is reduced to manifest your ancestor. (-10% HP)
You are too large for most types of armour.
You have a pair of small horns on your head.
You have tough skin. (AC +1)
You gain doubled healing and magic from potions.
Whenever you drink a healing potion, you attack all around you.


Message History

Casting: Frozen Ramparts (mildly dangerous; 4% risk of failure)
Confirm with . or Enter, or press ? or * to list all spells.
Casting: Frozen Ramparts (mildly dangerous; 4% risk of failure)
Press: ? - help, Dir - look around, f - activate The walls around you are covered in ice.
The wall freezes the acid dragon.
The acid dragon barely misses you. The acid dragon claws you.
* * * LOW HITPOINT WARNING * * *
Unknown command.
You hit the acid dragon.
Your weapon exudes an aura of protection.
The acid dragon is severely wounded.
The wall freezes the acid dragon.
The acid dragon spits acid at you. The splash of acid hits you!!
* * * LOW HITPOINT WARNING * * *
You bludgeon the acid dragon!!
You kill the acid dragon!
You start resting.
A tengu warrior comes into view. It is wielding a +0 battleaxe.
Tenoch hits the tengu warrior with a +0 quarterstaff!
The frozen ramparts melt away as you move.
Tenoch gestures at the tengu warrior while chanting.
The stone arrow hits the tengu warrior.
The tengu warrior hits you with a +0 battleaxe!
* * * LOW HITPOINT WARNING * * *
The tengu warrior hits Tenoch with a +0 battleaxe!
The tengu warrior pecks you.
* * * LOW HITPOINT WARNING * * *
The tengu warrior completely misses you.
You see here an acid dragon corpse.
Okay, then.
Okay, then.
As you read the scroll of teleportation, it crumbles to dust.
You feel strangely unstable.
The tengu warrior hits you with a +0 battleaxe!
* * * LOW HITPOINT WARNING * * *
The tengu warrior hits something with a +0 battleaxe.
The tengu warrior pecks you!
You die...

.........# # .........# #
.........# #################
.........########................
.................................
.#########################.#####.
.# ..#.... #####....##. .# #.#
#.#.#..####.##..###...#. .# #.#
#.#....@....##....##..#. .#
###.###.######Q.#####....##.#. .#
............R.....#.#(....#.#. .#
##.###.###..######.##....#.#. .#
#.# #†#....... #..##...).#.
.#.###.###†#.####..# #...###...#.
.#.........#. ....##.......##.
.#####.##### ########.#####.
.#.........# ##.....###.


You could see a tengu warrior.

Vanquished Creatures
  A fire dragon (D:11)
  A boulder beetle (D:11)
  A two-headed ogre (D:11)
  2 manticores (D:11)
  An ugly thing (D:11)
  Joseph (D:8)
  A gargoyle (D:11)
  An unseen horror (D:10)
  2 kobold demonologists (D:11)
  3 trolls (D:11)
  Grinder (D:4)
  A hornet (D:8)
  A shadow (D:11)
  A wyvern (D:9)
  16 yaks
  2 vampire mosquitoes (D:11)
  4 acid dragons (D:11)
  2 water moccasins
  A sky beast (D:8)
  An ice beast (D:6)
  A black bear (D:5)
  2 orc warriors
  2 ogres
  5 centaurs
  2 bullfrogs
  A scorpion (D:4)
  8 wights
  A killer bee (D:10)
  4 electric eels
  5 howler monkeys
  2 hounds (D:4)
  A jelly (D:6)
  A gnoll bouda (D:7)
  3 orc priests
  Terence (D:3)
  2 sleepcaps
  2 iguanas
  5 orc wizards
  Robin (D:3)
  3 gnolls (D:4)
  7 adders
  2 ufetubi (D:5)
  A dart slug (D:5)
  A ribbon worm (D:5)
  27 orcs
  11 ball pythons
  3 endoplasms (D:1)
  2 giant cockroaches
  9 goblins
  10 hobgoblins
  3 jackals (D:2)
  9 kobolds
  3 quokkas
  A frilled lizard (D:1)
  3 rats
188 creatures vanquished.

Vanquished Creatures (collateral kills)
  A two-headed ogre (D:11)
  A boulder beetle (D:11)
  A komodo dragon (D:11)
  A kobold demonologist (D:11)
  A water elemental (D:11)
  2 shadows (D:11)
  A yak (D:10)
  4 wraiths (D:11)
  A steam dragon (D:8)
  A vampire mosquito (D:11)
  2 orc warriors
  2 centaurs
  A kobold brigand (D:11)
  A scorpion (D:7)
  A bullfrog (D:8)
  A gnoll sergeant (D:7)
  4 wights (D:9)
  2 killer bees (D:10)
  3 electric eels (D:11)
  A howler monkey (D:8)
  2 bombardier beetles (D:6)
  2 hounds
  4 orc priests
  2 sleepcaps
  2 orc wizards (D:8)
  An adder (D:5)
  A shadow imp (D:6)
  6 orcs
  3 kobolds (D:11)
55 creatures vanquished.

Vanquished Creatures (others)
  4 battlemagi (D:11)
  9 ancestors
13 creatures vanquished.

Grand Total: 256 creatures vanquished

Notes
Turn   | Place    | Note
-------+----------+-------------------------------------------
     0 | D:1      | Strat the Oni Hexslinger began the quest for the Orb.
     0 | D:1      | Reached XP level 1. HP: 19/19 MP: 2/2
   150 | D:1      | Reached XP level 2. HP: 14/29 MP: 3/3
   782 | D:2      | Reached XP level 3. HP: 18/39 MP: 4/4
  1066 | D:2      | Found Hosh's Jewellery Boutique.
  1114 | D:2      | Found Gikiudoots's Jewellery Shoppe.
  1146 | D:2      | Learned a level 2 spell: Jinxbite
  1235 | D:2      | Found Gyta's Book Shoppe.
  1259 | D:2      | Found Paozidd's Antique Armour Shoppe.
  1321 | D:3      | Found a burning altar of Makhleb.
  1352 | D:3      | Reached skill level 5 in Fighting
  1352 | D:3      | Reached XP level 4. HP: 40/50 MP: 5/5
  1505 | D:3      | Noticed Sigmund
  1552 | D:3      | Found a basalt altar of Yredelemnul.
  1599 | D:3      | Found a hazy altar of Hepliaklqana.
  1654 | D:3      | Became a worshipper of Hepliaklqana the Forgotten
  1724 | D:3      | Noticed Robin
  1733 | D:3      | Killed Robin
  1920 | D:3      | Noticed Terence
  1944 | D:3      | Killed Terence
  1945 | D:3      | Reached XP level 5. HP: 39/59 MP: 2/7
  2241 | D:4      | Found Talouhunk's Antique Armour Shop.
  2246 | D:4      | Reached skill level 1 in Maces & Flails
  2397 | D:4      | Found a runed translucent door.
  2403 | D:4      | Noticed Grinder
  2421 | D:4      | Killed Grinder
  2422 | D:4      | Reached XP level 6. HP: 33/68 MP: 5/10
  2540 | D:4      | Reached XP level 7. HP: 73/76 MP: 8/11
  2678 | D:4      | Found Jyth's Weapon Shop.
  2690 | D:4      | Noticed TheBioAlchemist's ghost (amateur OpSh)
  2799 | D:4      | Learned a level 1 spell: Apportation
  3068 | D:4      | Found a sparkling altar of Nemelex Xobeh.
  3117 | D:5      | Entered Level 5 of the Dungeon
  3256 | D:5      | Found an ancient bone altar of Kikubaaqudgha.
  3512 | D:5      | Reached * piety under Hepliaklqana
  3745 | D:5      | Reached skill level 5 in Maces & Flails
  3745 | D:5      | Reached XP level 8. HP: 79/79 MP: 10/14
  4309 | D:6      | Found a staircase to the Ecumenical Temple.
  4719 | D:6      | Reached ** piety under Hepliaklqana
  4800 | D:6      | Reached skill level 5 in Spellcasting
  5306 | D:7      | Reached XP level 9. HP: 65/88 MP: 13/16
  6203 | D:7      | Reached skill level 10 in Fighting
  6858 | D:8      | Noticed Joseph
  7341 | D:8      | Noticed a hornet
  7447 | D:8      | Killed a hornet
  7660 | D:8      | Killed Joseph
  7661 | D:8      | Reached skill level 10 in Maces & Flails
  7661 | D:8      | Reached XP level 10. HP: 54/101 MP: 17/17
  7898 | D:8      | Reached *** piety under Hepliaklqana
  8859 | D:9      | Remembered your ancestor Tenoch as a battlemage
  8953 | D:9      | Found a glowing silver altar of Zin.
  8953 | D:9      | Noticed an angel
  9099 | D:10     | Entered Level 10 of the Dungeon
  9204 | D:10     | Learned a level 3 spell: Frozen Ramparts
  9208 | D:10     | Learned a level 3 spell: Ozocubu's Armour
  9210 | D:10     | Found Dutroj's Jewellery Emporium.
  9282 | D:10     | Reached skill level 1 in Ice Magic
  9432 | D:10     | Reached **** piety under Hepliaklqana
  9784 | D:10     | Killed an unseen horror
  9785 | D:10     | Reached XP level 11. HP: 98/111 MP: 19/19
  9883 | D:10     | Found a glowing golden altar of the Shining One.
  9883 | D:10     | Found a sacrificial altar of Ru.
 10427 | D:11     | Noticed a boulder beetle
 10447 | D:11     | Killed a boulder beetle
 10728 | D:11     | Found a staircase to the Lair.
 10858 | D:11     | Noticed a boulder beetle
 10882 | D:11     | Killed a boulder beetle
 10932 | D:11     | Noticed a fire dragon
 10934 | D:11     | Noticed a brown ugly thing
 10935 | D:11     | Noticed a two-headed ogre
 11225 | D:11     | Killed a brown ugly thing
 11281 | D:11     | Noticed a manticore
 11420 | D:11     | Killed a fire dragon
 11886 | D:11     | Killed a two-headed ogre
 12412 | D:11     | Noticed a manticore
 12419 | D:11     | Reached XP level 12. HP: 81/122 MP: 15/23
 12434 | D:11     | Noticed a two-headed ogre
 12707 | D:11     | Killed a two-headed ogre
 12806 | D:11     | Reached skill level 5 in Ice Magic
 12830 | D:11     | Noticed a tengu warrior
 12833 | D:11     | HP: 2/123 [tengu warrior/+0 battleaxe (13)]
 12833 | D:11     | Slain by a tengu warrior

Illustrated notes

Levels and vault maps discovered:
D:1:      dpeg_arrival_refuge, layout_basic
D:2:      layout_rooms, serial_shops, shop, shop, nicolae_shop_stone,
          nicolae_shop_waterfront, kennysheep_generic_room_10
D:3:      layout_basic, mainiacjoe_overflow_six_doors_small, bloody_makhleb,
          mainiacjoe_overflow_concentric_impassable, uniq_sigmund, uniq_terence,
          uniq_robin
D:4:      layout_rooms, mainiacjoe_overflow_paths, ebering_ghost_sewer_d,
          serial_shops, shop, nicolae_shop_hallway_plus, uniq_grinder
D:5:      layout_gridville, kiku_gazebo_pond_becter
D:6:      layout_loops_ring, minmay_temple_entry_slanted
D:7:      cheibrodos_two_vegetables, layout_loops_ring, billiards_dpeg
D:8:      layout_cave_pools, uniq_joseph
D:9:      layout_cave_pods, zin_angel, minmay_misc_feat_plants
D:10:     layout_basic, nicolae_overflow_two_pavilions, serial_shops,
          nicolae_shop_statue_plus
D:11:     minmay_the_grid_3x3 [minmay_the_grid_dragon_a,
          minmay_the_grid_plusring, minmay_the_grid_tree,
          minmay_the_grid_broken_lines, minmay_the_grid_rooms,
          minmay_the_grid_minigrid_large, minmay_the_grid_medium_cups,
          minmay_the_grid_aliased_spiral,
          minmay_the_grid_prize_shrinking_boxes], layout_basic,
          lair_entry_dummy, portal_ice_cave_entry_pillars_1,
          grunt_decor_fettered, fountainhead

Skill      XL: |  1  2  3  4  5  6  7  8  9 10 11 12 |
---------------+-------------------------------------+-----
Fighting       | 2 4 5 6 7 9 11 12 13 | 13.9
Maces & Flails | 3 5 7 10 11 13 | 13.7
Spellcasting   | 2 3 4 5 7 8 |  8.0
Hexes          | 3 |  3.0
Ice Magic      | 2 4 5 |  5.0
Ranged Weapons | |  1.3
Dodging        | |  1.7
Fire Magic     | |  0.8

Action                     |  1- 3 |  4- 6 |  7- 9 | 10-12 || total
---------------------------+-------+-------+-------+-------++-------
  Melee: Flail             |       |    34 |    31 |       ||    65
         Headbutt          |       |     7 |    20 |    50 ||    77
         Morningstar       |       |       |    44 |    10 ||    54
         Dire flail        |       |       |       |   208 ||   208
   Fire: Sling             |   125 |    98 |   231 |    20 ||   474
   Cast: Jinxbite          |       |     8 |    61 |    26 ||    95
         Apportation       |       |       |     2 |       ||     2
         Frozen Ramparts   |       |       |       |     7 ||     7
         Ozocubu's Armour  |       |       |       |     2 ||     2
 Invoke: Recall Ancestor   |       |       |     3 |     6 ||     9
         Ancestor Life: Ba |       |       |       |     1 ||     1
  Evoke: Wand              |       |       |     5 |     5 ||    10
    Use: Scroll            |       |       |    13 |     4 ||    17
         Potion            |       |       |     1 |     2 ||     3
   Stab: Sleeping          |       |     1 |       |       ||     1
         Distracted        |       |       |     1 |     3 ||     4
 Armour: Robe              |    58 |    58 |   158 |   200 ||   474
  Dodge: Dodged            |    35 |    44 |    87 |    97 ||   263
